 Dungeon Crawl Stone Soup version 0.19.1-1-g22dce08 (webtiles) character file.

202 theAP the Grave Robber (level 5, -6/37 HPs)
             Began as a Demonspawn Necromancer on Dec 31, 2016.
             Was a Follower of Qazlal.
             Mangled by an ogre
             ... wielding a +0 giant club
              (10 damage)
             ... on level 4 of the Dungeon.
             The game lasted 00:15:20 (2459 turns).

theAP the Grave Robber (Demonspawn Necromancer)     Turns: 2459, Time: 00:15:21

Health: -6/37      AC:  8    Str: 11    XL:     5   Next: 50%
Magic:  6/10       EV: 14    Int: 17    God:    Qazlal [*.....]
Gold:   32         SH:  2    Dex: 14    Spells: 1 memorised, 10 levels left

rFire  . . .     SeeInvis .     l - +0 mace (drain)
rCold  . . .     Gourm    .     B - +3 leather armour
rNeg   . . .     Faith    .     (no shield)
rPois  .         Spirit   .     (helmet restricted)
rElec  .         Reflect  .     (no cloak)
rCorr  .         Harm     .     (no gloves)
MR     .....                    (no boots)
Stlth  ++........               (no amulet)
                                C - +3 ring of strength
                                q - +2 ring of evasion

@: no status effects
A: antennae 1, yellow scales 1, powered by death 1
a: Renounce Religion


You were on level 4 of the Dungeon.
You worshipped Qazlal.
Qazlal was aware of your devotion.
You were not hungry.

You visited 1 branch of the dungeon, and saw 4 of its levels.

You collected 122 gold pieces.
You spent 90 gold pieces at shops.

Inventory:

Hand Weapons
 e - a +0 whip
 l - a +0 mace of draining (weapon)
Armour
 a - a +0 robe
 j - a +0 leather armour
 p - a +0 leather armour of fire resistance
 B - a +3 leather armour (worn)
Jewellery
 f - an uncursed ring of positive energy
 g - an uncursed ring of protection from cold
 q - a +2 ring of evasion (left hand)
 r - an uncursed ring of protection from cold
 C - a +3 ring of strength (right hand)
Scrolls
 k - a scroll of magic mapping
 n - a scroll of remove curse {unknown}
 o - a scroll of random uselessness {unknown}
 s - 3 scrolls of enchant armour {unknown}
 u - a scroll of teleportation {unknown}
 y - 2 scrolls of blinking {unknown}
 z - 2 scrolls of immolation {unknown}
 E - a scroll of enchant weapon {unknown}
 G - a scroll of noise {unknown}
Potions
 h - 2 potions of heal wounds {unknown}
 i - a potion of haste {unknown}
 t - 2 potions of mutation {unknown}
 v - a potion of cancellation {unknown}
 x - a potion of agility {unknown}
 F - a potion of flight {unknown}
Books
 b - a book of Necromancy

   Spells                             Type                      Level
   a - Pain                           Necromancy                   1
   b - Animate Skeleton               Necromancy                   1
   c - Vampiric Draining              Necromancy                   3
   d - Regeneration                   Charms/Necromancy            3
   e - Animate Dead                   Necromancy                   4
   f - Control Undead                 Necromancy                   4
Comestibles
 c - 2 bread rations
 m - a slice of pizza
 A - 5 fruits
 D - a chunk of flesh


   Skills:
 * Level 1.6 Fighting
 * Level 1.0 Maces & Flails
 + Level 0.1 Armour
 + Level 1.7 Dodging
 - Level 1.7 Stealth
 * Level 3.9 Spellcasting
 + Level 5.2 Necromancy
 * Level 1.8 Invocations


You had 10 spell levels left.
You knew the following spells:

 Your Spells              Type           Power        Failure   Level  Hunger
a - Pain                  Necr           ###.         2%          1    None


Dungeon Overview and Level Annotations

Branches:
Dungeon (4/15)
 Temple: D:4-7

Altars:
Fedhas
Qazlal
Vehumet
Zin


Innate Abilities, Weirdness & Mutations

You have a pair of small antennae on your head.
You are partially covered in yellow scales. (AC +2)
You regenerate a little health from kills.


Message History

Aiming: Pain
Press: ? - help, Shift-Dir - straight line, f/p - ogre
Aim: an ogre, wielding a giant club (moderately wounded, chance to defeat MR: 80%)
The ogre barely resists.
The ogre hits you with a giant club!
* * * LOW HITPOINT WARNING * * *
You feel better. The ogre hits you with a giant club!
* * * LOW HITPOINT WARNING * * *
You feel better.
You feel better. The ogre barely misses you.
Casting: Pain
Confirm with . or Enter, or press ? or * to list all spells.
Aiming: Pain
Press: ? - help, Shift-Dir - straight line, f/p - ogre
Aim: an ogre, wielding a giant club (moderately wounded, chance to defeat MR: 80%)
The ogre writhes in agony!
The ogre hits you with a giant club!
* * * LOW HITPOINT WARNING * * *
You hit the ogre. You drain the ogre!
The ogre is almost dead.
The ogre hits you with a giant club!
You die...

#...........###.....####......##
..............(#[#### #.####..##
.#.............#.# #..###....#
.................# #.###......
##...............# #. #(......
###........#.....######.#........
. ##......#..........##..........
.# ########.<...O....##.###......
.# #.....@..).### ##...## ##
#..........# ###### #..........#
############


You could see an ogre.

Vanquished Creatures
  An ogre (D:4)
  A worker ant (D:4)
  2 adders
  2 worms
  A dart slug (D:1)
  3 leopard geckos
  3 orcs (D:3)
  6 bats
  3 giant cockroaches
  9 goblins
  6 hobgoblins
  3 jackals (D:4)
  7 kobolds
  3 quokkas
  3 ball pythons
  5 frilled lizards
  6 rats
64 creatures vanquished.

Notes
Turn   | Place    | Note
-------+----------+-------------------------------------------
     0 | D:1      | theAP the Demonspawn Necromancer began the quest for the Orb.
     0 | D:1      | Reached XP level 1. HP: 13/13 MP: 3/3
   274 | D:1      | Gained mutation: You are partially covered in yellow scales. (AC +2) [demonic ancestry]
   274 | D:1      | Reached XP level 2. HP: 14/19 MP: 0/5
   978 | D:2      | Gained mutation: You regenerate a little health from kills. [demonic ancestry]
   978 | D:2      | Reached XP level 3. HP: 10/25 MP: 1/6
  1083 | D:2      | Found a blossoming altar of Fedhas.
  1086 | D:2      | Found a stormy altar of Qazlal.
  1092 | D:2      | Became a worshipper of Qazlal Stormbringer
  1616 | D:3      | Reached skill level 5 in Necromancy
  1646 | D:3      | Reached skill level 1 in Fighting
  1659 | D:3      | Found Zin's Purification Station.
  1671 | D:3      | Found a glowing silver altar of Zin.
  1677 | D:3      | Bought a potion of curing for 90 gold pieces
  1771 | D:3      | Gained mutation: You have a pair of small antennae on your head. [demonic ancestry]
  1771 | D:3      | Reached XP level 4. HP: 30/32 MP: 4/8
  1848 | D:3      | Reached * piety under Qazlal
  1924 | D:3      | Found a radiant altar of Vehumet.
  2122 | D:4      | Noticed an ogre
  2136 | D:4      | Killed an ogre
  2136 | D:4      | Reached skill level 1 in Maces & Flails
  2136 | D:4      | Reached skill level 1 in Invocations
  2136 | D:4      | Reached XP level 5. HP: 17/37 MP: 2/10
  2409 | D:4      | Noticed an ogre
  2459 | D:4      | Mangled by an ogre

Skill      XL: |  1  2  3  4 |
---------------+-------------+-----
Spellcasting   | 3 |  3.9
Necromancy     | 5 |  5.2
Fighting       | 1 |  1.6
Maces & Flails | 1 |  1.0
Invocations    | 1 |  1.8
Armour         | |  0.1
Dodging        | |  1.7
Stealth        | |  1.7

Action                   |  1- 3 |  4- 6 || total
-------------------------+-------+-------++-------
Melee: Whip              |     1 |       ||     1
       Mace              |    20 |    31 ||    51
 Cast: Pain              |    77 |    40 ||   117
  Use: Scroll            |     2 |     2 ||     4
       Potion            |       |     4 ||     4
  Eat: Chunk             |     3 |     2 ||     5
Armor: Leather armour    |     6 |     8 ||    14
Dodge: Dodged            |    23 |    33 ||    56
Block: Other             |       |     4 ||     4
